 Dungeon Crawl Stone Soup version 0.20-a0-959-gdc9e609 (webtiles) character file.

13939 4thArraOfDagon the Carver (level 11, 0/75 HPs)
             Began as a Mummy Fighter on Apr 6, 2017.
             Was the Champion of Okawaru.
             Slain by a wyvern (1 damage)
             ... on level 12 of the Dungeon.
             The game lasted 00:24:02 (7838 turns).

4thArraOfDagon the Carver (Mummy Fighter)           Turns: 7838, Time: 00:24:03

Health: 0/75       AC: 22    Str: 20    XL:     11   Next: 82%
Magic:  15/16      EV: 15    Int: 11    God:    Okawaru [******]
Gold:   50         SH:  0    Dex: 11    Spells: 10/10 levels left

rFire    x . .     SeeInvis .   B - +9 great sword
rCold    + + .     Gourm    .   (shield currently unavailable)
rNeg     + + +     Faith    .   f - +0 plate armour
rPois    ∞         Spirit   .   (no helmet)
rElec    .         Reflect  .   u - scarf {rC+}
rCorr    .         Harm     +   E - +1 pair of gloves
MR       +....                  v - +0 pair of boots
Stlth    ..........             g - amulet of harm
Regen    0.3/turn               h - +4 ring of evasion
MPRegen  0.2/turn               c - +3 ring of protection

@: about to teleport, heroism
A: no food or potions, fire vulnerability, cold resistance 1, negative energy
resistance 3, torment resistance, unbreathing
a: Heroism, Finesse, Renounce Religion


You were on level 12 of the Dungeon.
You worshipped Okawaru.
Okawaru was exalted by your worship.
You were not hungry.

You visited 2 branches of the dungeon, and saw 13 of its levels.

You collected 649 gold pieces.
You spent 599 gold pieces at shops.

Inventory:

Hand Weapons
 a - a +0 long sword
 o - a +1 long sword of draining
 z - a +0 great sword of holy wrath
 A - a +4 great sword
 B - a +9 great sword (weapon)
 J - a +3 great sword of electrocution
Armour
 f - a +0 plate armour (worn)
 u - a scarf of cold resistance (worn)
 v - a +0 pair of boots (worn)
 E - a +1 pair of gloves (worn)
 G - the +0 robe of the Shore {rCorr Str+4 Int+7, unknown}
   (You found it on level 11 of the Dungeon)

   It affects your strength (+4).
   It affects your intelligence (+7).
   It protects you from acid and corrosion.
Jewellery
 b - an uncursed ring of magical power
 c - a +3 ring of protection (right hand)
 g - an amulet of harm (around neck)
 h - a +4 ring of evasion (left hand)
 k - an uncursed ring of protection from fire
 C - an uncursed ring of ice
 F - an uncursed ring of resist corrosion
Wands
 l - a wand of scattershot (5/9)
 n - a wand of confusion (9/48)
 p - a wand of polymorph (9/24)
 r - a wand of lightning (6/15)
 x - a wand of paralysis (1/24)
 H - a wand of lightning (6/15)
Scrolls
 d - a scroll of summoning {unknown}
 e - 2 scrolls of blinking {unknown}
 i - a scroll of enchant weapon
 j - 5 scrolls of remove curse
 m - 3 scrolls of enchant armour
 q - a scroll of teleportation
 s - 2 scrolls of amnesia {unknown}
 t - 3 scrolls of recharging
 w - 3 scrolls of magic mapping
 y - a scroll of immolation
 I - 5 scrolls of identify


   Skills:
 - Level 3.0(8.0) Fighting
 * Level 11.0(16.0) Long Blades
 + Level 7.2(12.2) Armour
 + Level 6.8(11.8) Dodging
   Level 2.4(7.4) Shields
 + Level 7.7 Invocations


You had 10 spell levels left.
You didn't know any spells.

Dungeon Overview and Level Annotations

Branches:
Dungeon (12/15)            Temple (1/1) D:6            Lair (0/6) D:9
    Orc (0/2) D:11

Altars:
Ashenzari
Cheibriados
Dithmenos
Elyvilon
Fedhas
Gozag
Hepliaklqana
Kikubaaqudgha
Makhleb
Nemelex Xobeh
Okawaru
Qazlal
Ru
Sif Muna
Trog
Uskayaw
Vehumet
Wu Jian
Xom
Yredelemnul
Zin
The Shining One

Shops:
D:4 %   D:12 ?

Annotations:
D:1 exclusion: door
D:8 exclusions: obsidian statue and orange crystal statue


Innate Abilities, Weirdness & Mutations

You do not eat or drink.
Your flesh is vulnerable to fire.
You are immune to poison.
Your flesh is cold resistant. (rC+)
You are immune to negative energy. (rN+++)
You are immune to unholy pain and torment.
You can survive without breathing.


Message History

The wyvern is almost dead.
The wyvern bites you but does no damage.
Unknown command.
The wyvern completely misses you.
You riposte.
You barely miss the wyvern.
The wyvern is almost dead.
Unknown command.
Your surroundings seem slightly different.
The cyclops throws a large rock.
The large rock hits you!
* * * LOW HITPOINT WARNING * * *
Unknown command.
Unknown command.
Unknown command.
Unknown command.
As you read the scroll of teleportation, it crumbles to dust.
You feel strangely unstable.
The wyvern bites you but does no damage.
The wyvern misses you.
Unknown command.
The wyvern bites you.
You die...

******#,######
**********#.#....#
*,,,,,,,,,,......#
,,********##.....###
.##########)...#...##
..§§§§§§##§.........##
#######§§§§.....C..%$#
###§§§....l....# ****
#§.§....@....# ,,,****
##.....(....## **,,,,*
##...##...## ,,,****
########## ****


You could see a cyclops and a wyvern.

Vanquished Creatures
  Josephine (D:11)
  3 two-headed ogres
  Urug (D:12)
  Nergalle (D:11)
  A cyclops (D:11)
  Joseph (D:7)
  2 centaur zombies (D:11)
  Maurice (D:12)
  4 trolls
  Grinder (D:3)
  3 hornets
  2 slime creatures (D:12)
  2 hippogriffs (D:8)
  Sigmund (D:2)
  A shadow (D:11)
  3 yaks (D:12)
  2 wyverns
  4 wraiths (D:11)
  A hungry ghost (D:11)
  Grum (D:11)
  A vampire mosquito (D:12)
  A black bear (D:7)
  2 ice beasts
  5 orc warriors
  3 sky beasts
  A necrophage (D:6)
  6 ogres
  3 wolves (D:11)
  A phantom (D:7)
  A centaur (D:10)
  4 bullfrogs
  A big kobold (D:10)
  A scorpion (D:10)
  A water moccasin skeleton (D:6)
  3 killer bees (D:10)
  5 wights (D:9)
  3 crimson imps
  3 quasits
  2 hounds
  5 jellies
  Crazy Yiuf (D:5)
  9 orc priests
  10 orc wizards
  A centaur skeleton (D:9)
  An iguana (D:10)
  9 worker ants
  A hound zombie (D:5)
  A hound skeleton (D:6)
  2 worker ant zombies
  6 gnolls
  10 adders
  2 howler monkey skeletons
  4 shadow imps
  5 oozes (D:8)
  An adder zombie (D:7)
  A dart slug (D:4)
  4 leopard geckos
  31 orcs
  4 giant cockroaches
  3 goblins
  4 hobgoblins
  8 jackals
  4 quokkas
  A ball python (D:3)
  4 bats
  3 frilled lizards
  9 kobolds
  A leopard gecko skeleton (D:8)
  5 rats
233 creatures vanquished.

Notes
Turn   | Place    | Note
-------+----------+-------------------------------------------
     0 | D:1      | 4thArraOfDagon the Mummy Fighter began the quest for the Orb.
     0 | D:1      | Reached XP level 1. HP: 18/18 MP: 1/1
   166 | D:1      | Reached skill level 2 in Long Blades
   207 | D:2      | Reached XP level 2. HP: 5/24 MP: 2/2
   537 | D:4      | Found Quudgh's Food Emporium.
   551 | D:5      | Entered Level 5 of the Dungeon
   588 | D:5      | Reached XP level 3. HP: 29/29 MP: 3/3
   601 | D:5      | Reached skill level 3 in Long Blades
   709 | D:5      | Reached XP level 4. HP: 29/35 MP: 4/4
   818 | D:6      | Reached skill level 4 in Long Blades
   839 | D:6      | Got an encrusted chain mail
   850 | D:6      | Identified the +1 chain mail of Twilight {+Inv rPois Int-2 SInv} (You found it on level 6 of the Dungeon)
   984 | D:6      | Reached XP level 5. HP: 28/41 MP: 5/5
   985 | D:6      | Found a staircase to the Ecumenical Temple.
   986 | D:6      | Noticed a sky beast
   991 | Temple   | Entered the Ecumenical Temple
  1070 | Temple   | Became a worshipper of Warmaster Okawaru
  1169 | Temple   | Killed a sky beast
  1169 | Temple   | Reached skill level 5 in Long Blades
  1169 | Temple   | Reached skill level 1 in Invocations
  1169 | Temple   | Reached XP level 6. HP: 7/47 MP: 6/6
  1692 | D:6      | Reached * piety under Okawaru
  1692 | D:6      | Reached skill level 1 in Dodging
  1976 | D:6      | Noticed a sky beast
  1999 | D:6      | Killed a sky beast
  1999 | D:6      | Reached XP level 7. HP: 27/52 MP: 6/8
  2120 | D:5      | Reached skill level 6 in Long Blades
  2236 | D:4      | Reached ** piety under Okawaru
  2350 | D:3      | Noticed Grinder
  2373 | D:3      | Killed Grinder
  2373 | D:3      | Reached XP level 8. HP: 51/58 MP: 10/10
  2379 | D:2      | Noticed Sigmund
  2395 | D:2      | Killed Sigmund
  3698 | D:4      | Found a shadowy altar of Dithmenos.
  3913 | D:4      | Found a deep blue altar of Sif Muna.
  4136 | D:5      | Reached skill level 7 in Long Blades
  4177 | D:5      | Found a runed door.
  4181 | D:5      | Noticed Crazy Yiuf
  4186 | D:5      | Paralysed by Crazy Yiuf for 2 turns
  4191 | D:5      | Killed Crazy Yiuf
  4633 | D:6      | Reached *** piety under Okawaru
  4879 | D:7      | Reached XP level 9. HP: 62/63 MP: 8/12
  4896 | D:7      | Noticed Joseph
  4910 | D:7      | Killed Joseph
  5071 | D:7      | Reached skill level 8 in Long Blades
  5763 | D:8      | Noticed a two-headed ogre
  5770 | D:8      | Killed a two-headed ogre
  5770 | D:8      | Reached **** piety under Okawaru
  5770 | D:8      | Reached skill level 5 in Armour
  5770 | D:8      | Reached skill level 5 in Invocations
  5841 | D:8      | Noticed an orange crystal statue
  5931 | D:8      | Noticed an obsidian statue
  5973 | D:8      | Reached XP level 10. HP: 60/70 MP: 11/14
  6400 | D:9      | Reached skill level 9 in Long Blades
  6412 | D:9      | Reached skill level 5 in Dodging
  6461 | D:9      | Noticed a two-headed ogre
  6466 | D:9      | Killed a two-headed ogre
  6546 | D:9      | Found a staircase to the Lair.
  6625 | D:10     | Entered Level 10 of the Dungeon
  6698 | D:10     | Reached ***** piety under Okawaru
  7134 | D:11     | Got a faintly glowing robe
  7165 | D:11     | Noticed Josephine
  7184 | D:11     | Killed Josephine
  7193 | D:11     | Reached skill level 10 in Long Blades
  7193 | D:11     | Reached XP level 11. HP: 72/75 MP: 10/16
  7243 | D:11     | Noticed Nergalle
  7254 | D:11     | Killed Nergalle
  7255 | D:11     | Found a staircase to the Orcish Mines.
  7656 | D:11     | Noticed Grum
  7665 | D:11     | Killed Grum
  7711 | D:12     | Noticed Urug
  7715 | D:12     | Found Voepeh's Magic Scroll Shoppe.
  7719 | D:12     | Killed Urug
  7732 | D:12     | Bought 3 scrolls of enchant armour for 337 gold pieces
  7732 | D:12     | Bought a scroll of identify for 30 gold pieces
  7732 | D:12     | Bought a scroll of identify for 30 gold pieces
  7732 | D:12     | Bought a scroll of identify for 30 gold pieces
  7732 | D:12     | Bought a scroll of recharging for 142 gold pieces
  7732 | D:12     | Bought a scroll of identify for 30 gold pieces
  7735 | D:12     | Noticed Maurice
  7744 | D:12     | Killed Maurice
  7746 | D:12     | Noticed a two-headed ogre
  7781 | D:12     | Reached ****** piety under Okawaru
  7800 | D:12     | Killed a two-headed ogre
  7800 | D:12     | Reached skill level 11 in Long Blades
  7815 | D:12     | Received a gift from Okawaru
  7835 | D:12     | HP: 1/75 [cyclops/large rock (18)]
  7838 | D:12     | Slain by a wyvern

Vault maps used:
D:1:      dpeg_arrival_subterranean_lakeside_camping, kennysheep_small_spiral,
          minmay_split_cup_large
D:2:      first_bread, uniq_sigmund
D:3:      uniq_grinder
D:4:      led_sif_pool, serial_shops, kennysheep_mini_moat, lemuel_tele_altar
D:5:      lemuel_ice_spiral_2, uniq_crazy_yiuf_cottage
D:6:      minmay_temple_entry_grid
D:7:      uniq_joseph
D:8:      minmay_separated_statues, hangedman_little_slice_of_home
D:9:      lair_entry_dummy
D:10:     uniq_erolcha
D:11:     orc_0_dummy, minmay_misc_feat_chi, uniq_nergalle, uniq_grum,
          uniq_josephine
D:12:     lab_entry_generic, serial_shops, shop, uniq_urug, uniq_maurice
Temple:   compressed_dpeg_circular_temple

Skill      XL: |  1  2  3  4  5  6  7  8  9 10 11 |
---------------+----------------------------------+-----
Long Blades    | 2 3 4 5 6 7 8 10 11 | 11.0
Invocations    | 1 2 3 4 5 6 7 |  7.7
Dodging        | 1 2 3 4 5 6 |  6.8
Armour         | 3 4 5 6 7 |  7.2
Fighting       | |  3.0
Shields        | |  2.4

Action                   |  1- 3 |  4- 6 |  7- 9 | 10-12 || total
-------------------------+-------+-------+-------+-------++-------
Melee: Long sword        |    67 |   142 |   441 |    31 ||   681
       Punch             |       |       |     3 |       ||     3
       Great sword       |       |       |       |   218 ||   218
Throw: Throwing net      |       |     2 |     5 |       ||     7
Invok: Heroism           |       |     1 |    14 |    16 ||    31
       Finesse           |       |       |       |     1 ||     1
Evoke: Wand              |       |       |     5 |    11 ||    16
  Use: Scroll            |       |     6 |     4 |    15 ||    25
 Stab: Held in net/web   |       |     1 |     6 |       ||     7
       Paralysed         |       |       |     6 |     3 ||     9
       Confused          |       |       |     1 |     3 ||     4
Armor: Plate armour      |    36 |    84 |   354 |    97 ||   571
       Scale mail        |     6 |       |       |       ||     6
       Chain mail        |       |     4 |       |       ||     4
Dodge: Dodged            |    37 |    65 |   364 |   148 ||   614
       Rpst.: Long sword |    10 |    20 |    82 |     1 ||   113
       Great sword       |       |       |       |    35 ||    35
